 Dungeon Crawl Stone Soup version 0.30-a0-847-g17996783a1 (webtiles) character file.

Game seed: 15211915292048186864

45 oldriver the Shooter (level 4, 0/36 HPs)
             Began as a Meteoran Hunter on Mar 3, 2023.
             Slain by a gnoll
             ... wielding a +2 flail of protection
              (12 damage)
             ... on level 3 of the Dungeon.
             The game lasted 00:04:01 (828 turns).

oldriver the Shooter (Meteoran Hunter)               Turns: 828, Time: 00:04:02

Health: 0/36       AC:  3    Str: 11 (12) XL:     4   Next: 12%
Magic:  5/5        EV: 12    Int:  9 (10) God:
Gold:   96         SH:  0    Dex: 17 (20) Spells: 3/3 levels left

rFire   + . .      SeeInvis .    a - +0 shortbow
rCold   + . .      Faith    .    (shield currently unavailable)
rNeg    . . .      Spirit   .    c - +0 leather armour
rPois   +          Reflect  .    (no helmet)
rElec   +          Rampage  .    (no cloak)
rCorr   +                        (no gloves)
Will    .....                    (no boots)
Stlth   +                        (no amulet)
HPRegen 0.26/turn                (no ring)
MPRegen 0.09/turn                (no ring)

@: resistant, glowing
A: sense surroundings 1, otherworldly, glowing, explore regen
a: no special abilities


You were on level 3 of the Dungeon.
You visited 1 branch of the dungeon, and saw 3 of its levels.

You collected 96 gold pieces.

Inventory:

Hand Weapons
 a - a +0 shortbow (weapon)
Missiles
 j - 5 atropa-tipped darts
Armour
 c - a +0 leather armour (worn)
Scrolls
 b - a scroll of immolation
 e - 2 scrolls of noise {unknown}
 h - a scroll of amnesia {unknown}
 l - a scroll of blinking {unknown}
Potions
 i - a potion of might {unknown}
 k - a potion of attraction {unknown}


   Skills:
 - Level 2.1 Fighting
 * Level 5.8 Ranged Weapons
 - Level 2.4 Dodging
 - Level 0.6 Stealth


You had 3 spell levels left.
You didn't know any spells.
Your spell library was empty.

Dungeon Overview and Level Annotations

Branches:
Dungeon (3/15) Zot: 955

Altars:

Shops:
D:3 [


Innate Abilities, Weirdness & Mutations

You passively map a small area around you.
You are easily found by Zot.
You glow in the dark.
You regain HP and MP as you explore.


Message History

You shoot an arrow. The arrow closely misses the gnoll.
You hear a shout!
The gnoll hits you from afar with a +0 spear.
You hear a shout!
Fire: a) +0 shortbow
Press: ? - help, Shift-Dir - straight line, f/p - gnoll
Aim: a gnoll, wielding a +0 spear (severely wounded, 69% to hit)
You shoot an arrow. The arrow hits the gnoll!
You kill the gnoll!
A gnoll comes into view. It is wielding a +0 flail.
You have reached level 4!
Fire: a) +0 shortbow
Press: ? - help, Shift-Dir - straight line, f - gnoll
Aim: a gnoll, wielding a +0 flail (69% to hit)
You shoot an arrow. The arrow hits the gnoll.
The gnoll is moderately wounded.
The gnoll hits you with a +0 flail!
* * * LOW HITPOINT WARNING * * *
Fire: a) +0 shortbow
Press: ? - help, Shift-Dir - straight line, f/p - gnoll
Aim: a gnoll, wielding a +0 flail (moderately wounded, 69% to hit)
You shoot an arrow. The arrow hits the gnoll.
The gnoll is heavily wounded.
The gnoll closely misses you.
A gnoll comes into view.
It is wielding a +2 flail of protection.
You feel better. The gnoll misses you.
It was a potion of degeneration.
There was something very wrong with that liquid.
You feel weakened.
You feel dopey.
You feel clumsy. The gnoll hits you with a +0 flail!
* * * LOW HITPOINT WARNING * * *
An orc comes into view. It is wielding a +0 hand axe.
It was a potion of resistance.
You feel protected. The gnoll barely misses you. x2
You feel better.
A kobold comes into view. It is wielding a +0 dagger.
The gnoll misses you.
The gnoll hits you with a +2 flail of protection!
You die...

* #.#.##.# * #.#
#.†....# #.# ####.#### *
* #.# ##.##.# ,*#.#
#.....# * * **# *#.#
##.#### * .#.#.##.#
#..## * ,
......g.#######...####
.....og@.............'.,
....#K##.######...####.
, . # #.# #..## * * *#.#
#..# ,#.# ##.# * , ,,###
.# * , .. , * .# * ⌠ ,


You could see 2 gnolls, an orc and a kobold.

Vanquished Creatures
  A gnoll (D:3)
  An adder (D:2)
  2 dart slugs
  2 ball pythons (D:1)
  2 bats
  2 endoplasms
  A giant cockroach (D:1)
  2 hobgoblins
  2 quokkas
  3 frilled lizards
  2 goblins
  A kobold (D:3)
  2 rats
23 creatures vanquished.

Notes
Turn   | Place    | Note
-------+----------+-------------------------------------------
     0 | D:1      | oldriver the Meteoran Hunter began the quest for the Orb.
     0 | D:1      | Reached XP level 1. HP: 17/17 MP: 2/2
    29 | D:1      | Reached XP level 2. HP: 24/24 MP: 3/3
   244 | D:1      | Reached skill level 5 in Ranged Weapons
   329 | D:1      | Found a faded altar of an unknown god.
   481 | D:2      | Reached XP level 3. HP: 19/29 MP: 4/4
   735 | D:3      | Found Xoff's Antique Armour Emporium.
   823 | D:3      | Reached XP level 4. HP: 14/36 MP: 5/5
   828 | D:3      | Slain by a gnoll

Illustrated notes

Levels and vault maps discovered:
D:1:      matt_arrival_diagonals, layout_basic,
          chequers_ecumenical_altar_simple_redux
D:2:      layout_basic, minmay_misc_feat_room, minmay_small_reverse_x
D:3:      minmay_skewed_foursquare, layout_loops_corners,
          hellmonk_okawaru_the_only_friend_you_need, serial_shops, shop_coins,
          uniq_robin

Skill      XL: |  1  2 |
---------------+-------+-----
Ranged Weapons | 5 |  5.8
Fighting       | |  2.1
Dodging        | |  2.4
Stealth        | |  0.6

Action                     |  1- 3 |  4- 6 || total
---------------------------+-------+-------++-------
  Melee: Unarmed           |     7 |       ||     7
   Fire: Shortbow          |    59 |     2 ||    61
    Use: Potion            |     1 |     4 ||     5
 Armour: Leather armour    |    12 |       ||    12
  Dodge: Dodged            |    32 |     5 ||    37

Table legend: (Time is in decaauts)
 A = Elapsed time spent in this place.
 B = Non-inter-level travel time spent in this place.
 C = Inter-level travel time spent in this place.
 D = Time resting spent in this place.
 E = Time spent auto-exploring this place.
 F = Levels seen in this place.
 G = Mean time per level.
                   A        B        C        D        E       F      G
               +--------+--------+--------+--------+--------+-----+--------+
         Total |    843 |    767 |     76 |      0 |      0 |   3 |  281.0 |
       Dungeon |    843 |    767 |     76 |      0 |      0 |   3 |  281.0 |
               +--------+--------+--------+--------+--------+-----+--------+

Top non-repeatable levels by time:
     D:1: 379 daAuts
     D:2: 347 daAuts
     D:3: 116 daAuts
